 Dungeon Sprint DCSS version 0.16-a0-3943-gb4b81e6 (webtiles) character file.

15656 BluebellGnoll the Imperceptible (level 12, -17/65 HPs)
             Began as a Spriggan Enchanter on Feb 7, 2015.
             Was the Champion of Vehumet.
             Killed from afar by a fire giant (52 damage)
             ... with a bolt of fire
             ... in the Dungeon (Sprint I: "Red Sonja") on Feb 8, 2015.
             The game lasted 00:26:07 (1690 turns).

BluebellGnoll the Imperceptible (SpEn)              Turns: 1690, Time: 00:26:07

Health: -17/65     AC:  4    Str:  4    XL:     12   Next: 3%
Magic:  31/36      EV: 33    Int: 22    God:    Vehumet [******]
Gold:   96         SH:  0    Dex: 16    Spells: 8 memorised, 18 levels left

rFire  . . .     SeeInvis +     n - +0 dagger (drain)
rCold  + + .     Clarity  .     u - +1 robe "Cuuju Shri" {rC++}
rNeg   . . .     SustAb   .     (shield restricted)
rPois  +         Gourm    .     (helmet restricted)
rElec  .         Spirit   .     z - +0 cloak {rPois}
rCorr  .         Warding  .     (gloves unavailable)
rMut   .         NoTele   +     (boots unavailable)
MR     ++...                    (no amulet)
Stlth  +++++++++.               (no ring)
                                (no ring)

@: very slightly contaminated, very quick, very resistant to hostile
enchantments, incredibly stealthy
A: unfitting armour, see invisible, herbivore 3, speed 3, slow metabolism 2
a: Renounce Religion


You were in the Dungeon.
You worshipped Vehumet.
Vehumet was exalted by your worship.
You were not hungry.

You visited 1 branch You collected 2073 gold pieces.
You spent 1977 gold pieces at shops.

Inventory:

Hand weapons
 a - a +1 dagger
 m - a +0 blowgun
 n - a +0 dagger of draining (weapon)
Missiles
 l - 19 stones
 o - 8 curare-tipped needles
 q - 6 tomahawks (quivered)
Armour
 u - the +1 robe "Cuuju Shri" (worn) {rC++}
   (You bought it in a shop in the Dungeon)

   It greatly protects you from cold.
 z - a +0 cloak of poison resistance (worn)
Rods
 i - a +0 rod of clouds (10/10)
   (You bought it in a shop in the Dungeon)
Magical devices
 r - a wand of confusion (48)
Scrolls
 j - 2 scrolls of blinking
 p - 2 scrolls of remove curse
 v - a scroll of fog
 x - a scroll of immolation
 B - a scroll of recharging
Potions
 e - 4 potions of curing
 f - a potion of heal wounds
 h - 2 potions of magic
 k - a potion of brilliance
 t - a potion of might
 w - 2 potions of cancellation
 A - a potion of restore abilities
Books
 b - Vehumet's Grimoire of Attacks
   (You bought it in a shop in the Dungeon)

   Spells                             Type                      Level
   a - Stone Arrow                    Conjuration/Earth            3
   b - Conjure Flame                  Conjuration/Fire             3
   c - Iskenderun's Battlesphere      Conjuration/Charms           5
   d - Bolt of Magma                  Conjuration/Fire/Earth       5
 c - a book of Maledictions

   Spells                             Type                      Level
   a - Corona                         Hexes                        1
   b - Sure Blade                     Hexes/Charms                 2
   c - Ensorcelled Hibernation        Hexes/Ice                    2
   d - Confuse                        Hexes                        3
   e - Dazzling Spray                 Conjuration/Hexes            3
   f - Enslavement                    Hexes                        4
Comestibles
 d - 3 bread rations


   Skills:
 - Level 8.8 Fighting
 - Level 10.5 Short Blades
 - Level 18.6 Dodging
 - Level 23.4 Stealth
 - Level 14.4 Spellcasting
 - Level 10.0 Hexes
 + Level 4.9 Ice Magic
 - Level 9.8 Evocations


You had 18 spell levels left.
You knew the following spells:

 Your Spells              Type           Power        Failure   Level  Hunger
a - Corona                Hex            ######.      1%          1    None
b - Ensorcelled Hibernat  Hex/Ice        #####.       1%          2    None
c - Confuse               Hex            ######..     1%          3    None
d - Sure Blade            Hex/Chrm       #####.....   1%          2    None
e - Dazzling Spray        Conj/Hex       #####...     1%          3    None
f - Enslavement           Hex            ######..     1%          4    None
g - Stone Arrow           Conj/Erth      ###...       3%          3    None
h - Conjure Flame         Conj/Fire      ###.....     3%          3    None


Dungeon Overview and Level Annotations

Branches:
Dungeon (1/1)

Altars:
Cheibriados
Dithmenos
Elyvilon
Fedhas
Gozag
Kikubaaqudgha
Makhleb
Nemelex Xobeh
Okawaru
Qazlal
Ru
Sif Muna
Trog
Vehumet
Xom
Yredelemnul
Zin
The Shining One
Jiyva

Shops:
D (**}[[?:%?[[*=}[?

Annotations:
D Norris


Innate Abilities, Weirdness & Mutations

You are tiny and cannot use many weapons and most armour.
You have supernaturally acute eyesight.
You are a herbivore.
You cover ground extremely quickly.
You need consume almost no food.


Message History

Vehumet accepts your kill.
You feel your power returning.
Your Ice Magic skill gained 4 levels and is now at level 4!
You have reached level 12!
Your experience leads to an increase in your attributes!
Increase (S)trength, (I)ntelligence, or (D)exterity?
You feel clever.
The fire giant shouts!
Okay, then.
Casting: Confuse
Confirm with . or Enter, or press ? or * to list all spells.
Aiming: Dazzling Spray
Press: ? - help, Shift-Dir - straight line, f - fire giant
Aim: a fire giant, wielding a great sword of flaming The spray of energy hits the fire giant. x2
The fire giant is lightly wounded.
The fire giant casts a spell at you. The bolt of fire hits you!
Ouch! That really hurt!
You die...

'§....'(∩##.#.^#***,,*##...#,≈,,*
###########.##'#,,*,,*,###.#,≈,,#
##....§§§##.##[#,,,,,,,,,#.#**,,#
.#....§§.§'§####,,,,,,,,,#.#,+,,#
.#'''######.#,,+,,,,,,####'#,**+*
.#........#.####*,,,###....#,*≈≈≈
##.......#+§#%(!#####...####,*≈≈≈
........≈####)....)...###,,,,*≈≈≈
.......≈≈##[?$.C@.#####,,,,****≈≈
.....≈≈≈###?%..C.##,,,,,,,,*,,*+≈
..≈≈≈≈### #!....##,,,,,,,,,*,,,**
######+####$$$$$*,,,,,,,,,,*,,,,*
#######∩∩#######*****,,,,,,*,,,,*
∩∩∩∩∩∩∩∩###≈≈≈≈≈≈≈≈,*,,,,,,******
######### *#####*****,,,,,,+,,*,,
*,.0..+,,,,,,,,,,*,,+,,
*****#*****************


You could see 2 fire giants.

Vanquished Creatures
  2 fire giants (D)
  A lorocyproca (D)
  A hydra (D)
  2 centaur warriors (D)
  A deep troll (D)
  A lindwurm (D)
  An oklob plant (D)
  7 unseen horrors (D)
  A gargoyle (D)
  4 demonic crawlers (D)
  2 kobold demonologists (D)
  Sonja (D)
  4 trapdoor spiders (D)
  A yak (D)
  A slime creature (D)
  13 hogs (D)
  7 necrophages (D)
  A wasp (D)
  An ogre (D)
  Sigmund (D)
  8 jellies (D)
  Ijyb (D)
  3 giant eyeballs (D)
  A giant spore (D)
  3 ballistomycetes (D)
69 creatures vanquished.

Vanquished Creatures (others)
  A gargoyle (D)
  A giant spore (D)
2 creatures vanquished.

Grand Total: 71 creatures vanquished

Notes
Turn   | Place    | Note
--------------------------------------------------------------
     0 | D        | BluebellGnoll, the Spriggan Enchanter, began the quest for the Orb.
     0 | D        | Reached XP level 1. HP: 9/9 MP: 4/4
     1 | D        | Noticed Ijyb
     6 | D        | Noticed an ogre
    13 | D        | Killed an ogre
    13 | D        | Reached skill level 13 in Stealth
    13 | D        | Reached XP level 2. HP: 13/13 MP: 7/7
    13 | D        | Reached XP level 3. HP: 16/16 MP: 9/9
    13 | D        | Reached XP level 4. HP: 21/21 MP: 12/12
    20 | D        | Killed Ijyb
    52 | D        | Learned a level 2 spell: Ensorcelled Hibernation
    56 | D        | Learned a level 3 spell: Confuse
    59 | D        | Learned a level 2 spell: Sure Blade
    59 | D        | Noticed Sigmund
    62 | D        | Killed Sigmund
    62 | D        | Reached skill level 5 in Spellcasting
    62 | D        | Reached XP level 5. HP: 24/24 MP: 13/19
    75 | D        | Found a deep blue altar of Sif Muna.
    76 | D        | Noticed a jelly
    77 | D        | Found a radiant altar of Vehumet.
    81 | D        | Killed a jelly
    84 | D        | Became a worshipper of Vehumet
   124 | D        | Learned a level 3 spell: Dazzling Spray
   129 | D        | Learned a level 4 spell: Enslavement
   132 | D        | Found Rokhlops' General Store.
   132 | D        | Found a white marble altar of Elyvilon.
   132 | D        | Found a stormy altar of Qazlal.
   132 | D        | Found a burning altar of Makhleb.
   132 | D        | Found a sacrificial altar of Ru.
   132 | D        | Found a basalt altar of Yredelemnul.
   132 | D        | Found a glowing golden altar of the Shining One.
   132 | D        | Found a sparkling altar of Nemelex Xobeh.
   132 | D        | Found a shimmering altar of Xom.
   132 | D        | Found an opulent altar of Gozag.
   132 | D        | Found an ancient bone altar of Kikubaaqudgha.
   132 | D        | Found a glowing silver altar of Zin.
   132 | D        | Noticed a yak
   133 | D        | Found an iron altar of Okawaru.
   134 | D        | Killed a yak
   134 | D        | Reached skill level 10 in Hexes
   134 | D        | Reached XP level 6. HP: 28/28 MP: 17/25
   135 | D        | Found a bloodstained altar of Trog.
   139 | D        | Bought a scroll of magic mapping for 38 gold pieces
   150 | D        | Found a viscous altar of Jiyva.
   150 | D        | Found a blossoming altar of Fedhas.
   150 | D        | Noticed a slime creature
   151 | D        | Found a snail-covered altar of Cheibriados.
   151 | D        | Found a shadowy altar of Dithmenos.
   153 | D        | Killed a slime creature
   153 | D        | Reached XP level 7. HP: 32/32 MP: 20/26
   166 | D        | Noticed a kobold demonologist
   167 | D        | Noticed a kobold demonologist
   169 | D        | Acquired Vehumet's first power
   169 | D        | Offered knowledge of Sandblast by Vehumet.
   169 | D        | Reached skill level 14 in Stealth
   171 | D        | Killed a kobold demonologist
   171 | D        | Reached skill level 16 in Stealth
   172 | D        | Killed a kobold demonologist
   172 | D        | Reached skill level 17 in Stealth
   172 | D        | Reached XP level 8. HP: 36/36 MP: 24/28
   179 | D        | Noticed a demonic crawler
   179 | D        | Noticed a demonic crawler
   179 | D        | Noticed a demonic crawler
   179 | D        | Noticed a demonic crawler
   181 | D        | Killed a demonic crawler
   182 | D        | Killed a demonic crawler
   184 | D        | Killed a demonic crawler
   185 | D        | Killed a demonic crawler
   185 | D        | Acquired Vehumet's second power
   185 | D        | Reached XP level 9. HP: 38/52 MP: 29/29
   200 | D        | Noticed a lindwurm
   206 | D        | Killed a lindwurm
   206 | D        | Reached skill level 10 in Dodging
   206 | D        | Reached skill level 18 in Stealth
   274 | D        | Noticed a hog
   274 | D        | Noticed a hog
   274 | D        | Noticed a hog
   274 | D        | Noticed a hog
   274 | D        | Noticed a hog
   274 | D        | Noticed a hog
   274 | D        | Noticed a hog
   274 | D        | Noticed a hog
   274 | D        | Noticed a hog
   276 | D        | Killed a hog
   278 | D        | Killed a hog
   279 | D        | Noticed a hog
   279 | D        | Noticed a hog
   279 | D        | Noticed a hog
   279 | D        | Noticed a hog
   289 | D        | Killed a hog
   289 | D        | Acquired Vehumet's third power
   289 | D        | Reached skill level 19 in Stealth
   291 | D        | Killed a hog
   293 | D        | Killed a hog
   297 | D        | Killed a hog
   302 | D        | Killed a hog
   304 | D        | Killed a hog
   304 | D        | Reached skill level 20 in Stealth
   306 | D        | Killed a hog
   316 | D        | Killed a hog
   455 | D        | Killed a hog
   455 | D        | Offered knowledge of Magic Dart by Vehumet.
   455 | D        | Reached XP level 10. HP: 37/57 MP: 30/30
   466 | D        | Killed a hog
   497 | D        | Killed a hog
   698 | D        | Noticed a 12-headed hydra
   700 | D        | Killed a 12-headed hydra
   700 | D        | Offered knowledge of Static Discharge by Vehumet.
   700 | D        | Reached skill level 21 in Stealth
   746 | D        | Noticed Sonja
   750 | D        | Killed Sonja
   766 | D        | Noticed a deep troll
   770 | D        | Killed a deep troll
   770 | D        | Reached skill level 22 in Stealth
   786 | D        | Found Afapnif's Armour Emporium.
   806 | D        | Noticed a centaur warrior
   807 | D        | Noticed a centaur warrior
   815 | D        | Killed a centaur warrior
   815 | D        | Reached skill level 10 in Short Blades
   816 | D        | Killed a centaur warrior
   816 | D        | Reached skill level 23 in Stealth
   920 | D        | Found Shrasch's Weapon Boutique.
   968 | D        | Noticed a wasp
   971 | D        | Killed a wasp
   971 | D        | Offered knowledge of Stone Arrow by Vehumet.
   985 | D        | Learned a level 3 spell: Stone Arrow
   985 | D        | Noticed an oklob plant
   987 | D        | Killed an oklob plant
   987 | D        | Reached skill level 15 in Dodging
   991 | D        | Noticed a trapdoor spider
   993 | D        | Killed a trapdoor spider
   993 | D        | Offered knowledge of Airstrike by Vehumet.
   996 | D        | Noticed a trapdoor spider
   999 | D        | Noticed a trapdoor spider
   999 | D        | Killed a trapdoor spider
   999 | D        | Reached XP level 11. HP: 60/60 MP: 29/31
  1001 | D        | Killed a trapdoor spider
  1006 | D        | Noticed a trapdoor spider
  1007 | D        | Killed a trapdoor spider
  1028 | D        | Noticed a jelly
  1028 | D        | Noticed a jelly
  1028 | D        | Noticed a jelly
  1028 | D        | Noticed a jelly
  1033 | D        | Noticed an unseen horror
  1035 | D        | Noticed an unseen horror
  1044 | D        | Killed an unseen horror
  1047 | D        | Killed an unseen horror
  1067 | D        | Noticed a jelly
  1067 | D        | Noticed a jelly
  1067 | D        | Noticed a jelly
  1067 | D        | Noticed a necrophage
  1067 | D        | Noticed a necrophage
  1069 | D        | Killed a jelly
  1070 | D        | Killed a jelly
  1071 | D        | Killed a jelly
  1072 | D        | Noticed a necrophage
  1073 | D        | Killed a jelly
  1074 | D        | Killed a jelly
  1075 | D        | Killed a jelly
  1076 | D        | Killed a jelly
  1096 | D        | Killed a necrophage
  1098 | D        | Killed a necrophage
  1103 | D        | Noticed a necrophage
  1103 | D        | Noticed a necrophage
  1103 | D        | Noticed a necrophage
  1103 | D        | Noticed a necrophage
  1106 | D        | Killed a necrophage
  1108 | D        | Killed a necrophage
  1110 | D        | Killed a necrophage
  1127 | D        | Killed a necrophage
  1142 | D        | Killed a necrophage
  1164 | D        | Found Fatimorgh's Gadget Shoppe.
  1164 | D        | Found Phaxupui's Assorted Antiques.
  1164 | D        | Found Caup's Antique Armour Boutique.
  1166 | D        | Found Vaunau's Armour Emporium.
  1166 | D        | Found Razyacae's Magic Scroll Shop.
  1166 | D        | Found Hahait's Book Shoppe.
  1166 | D        | Found Peomeoja's Food Boutique.
  1166 | D        | Found Mnukamor's Magic Scroll Emporium.
  1166 | D        | Found Schaha's Armour Shop.
  1166 | D        | Found Vaul's Armour Shoppe.
  1166 | D        | Found Theiff's Assorted Antiques.
  1169 | D        | Bought a dull robe for 153 gold pieces
  1169 | D        | Found Erier's Gadget Emporium.
  1169 | D        | Found Hammata's Jewellery Boutique.
  1170 | D        | Found Kegan's Magic Scroll Emporium.
  1171 | D        | Bought a scroll of identify for 26 gold pieces
  1171 | D        | Bought a scroll of fog for 26 gold pieces
  1171 | D        | Bought a scroll of random uselessness for 13 gold pieces
  1171 | D        | Bought a scroll of remove curse for 39 gold pieces
  1174 | D        | Bought a scroll of immolation for 35 gold pieces
  1186 | D        | Bought 2 coppery potions for 46 gold pieces
  1186 | D        | Bought a scroll labeled ITAHU LAMUMY for 26 gold pieces
  1186 | D        | Bought a scroll of blinking for 195 gold pieces
  1198 | D        | Identified the +1 robe "Cuuju Shri" {rC++} (You bought it in a shop in the Dungeon)
  1203 | D        | Bought a +0 cloak of poison resistance for 102 gold pieces
  1206 | D        | Bought a sapphire potion for 20 gold pieces
  1206 | D        | Bought a scroll labeled HUBELU FALIMA for 23 gold pieces
  1206 | D        | Bought a scroll labeled HUBELU FALIMA for 23 gold pieces
  1213 | D        | Bought a scroll of identify for 26 gold pieces
  1213 | D        | Bought a scroll of identify for 26 gold pieces
  1220 | D        | Bought a scroll of identify for 20 gold pieces
  1225 | D        | Bought a +0 rod of clouds (10/10) for 750 gold pieces
  1233 | D        | Bought a torn book for 390 gold pieces
  1233 | D        | Identified Vehumet's Grimoire of Attacks (You bought it in a shop in the Dungeon)
  1237 | D        | Learned a level 3 spell: Conjure Flame
  1292 | D        | Noticed a gargoyle
  1330 | D        | Killed a gargoyle
  1450 | D        | Noticed Norris
  1451 | D        | Noticed a lorocyproca
  1479 | D        | Killed a lorocyproca
  1479 | D        | Offered knowledge of Bolt of Cold by Vehumet.
  1479 | D        | Reached skill level 10 in Spellcasting
  1479 | D        | Reached skill level 5 in Evocations
  1532 | D        | Killed a gargoyle
  1612 | D        | Upgraded the game from 0.16-a0-3940-gf8a207b to 0.16-a0-3943-gb4b81e6
  1624 | D        | Noticed a shadow dragon
  1624 | D        | Noticed a golden dragon
  1652 | D        | Noticed a daeva
  1655 | D        | Noticed an unseen horror
  1655 | D        | Noticed an unseen horror
  1655 | D        | Noticed an unseen horror
  1656 | D        | Noticed an unseen horror
  1658 | D        | Killed an unseen horror
  1659 | D        | Noticed an unseen horror
  1660 | D        | Killed an unseen horror
  1661 | D        | Killed an unseen horror
  1667 | D        | Killed an unseen horror
  1670 | D        | Killed an unseen horror
  1674 | D        | Noticed a fire giant
  1681 | D        | Noticed a fire giant
  1681 | D        | Noticed a fire giant
  1683 | D        | Noticed a fire giant
  1685 | D        | Killed a fire giant
  1689 | D        | Killed a fire giant
  1689 | D        | Reached XP level 12. HP: 34/65 MP: 34/36
  1690 | D        | Killed from afar by a fire giant

Action                   |  1- 3 |  4- 6 |  7- 9 | 10-12 || total
-------------------------+-------+-------+-------+-------++-------
Melee: Dagger            |     6 |    11 |    24 |   148 ||   189
Throw: Stone             |       |       |       |     1 ||     1
       Tomahawk          |       |       |       |     1 ||     1
 Cast: Sure Blade        |       |     1 |     1 |     3 ||     5
       Ensorcelled Hiber |       |       |     7 |     5 ||    12
       Confuse           |       |       |     4 |    21 ||    25
       Stone Arrow       |       |       |       |    12 ||    12
       Dazzling Spray    |       |       |       |     2 ||     2
  Use: Potion            |     1 |       |       |     1 ||     2
       Scroll            |       |     1 |       |     9 ||    10
 Stab: Sleeping          |       |     4 |    16 |    26 ||    46
       Confused          |       |       |     3 |    12 ||    15
       Distracted        |       |       |     1 |       ||     1
       Invisible         |       |       |       |     1 ||     1
